 Dungeon Crawl Stone Soup version 0.22-a0-412-g2b68d14 (webtiles) character file.

53 galech the Covered (level 3, -1/35 HPs)
             Began as a Gnoll Wanderer on May 12, 2018.
             Slain by Sigmund
             ... wielding a +0 scythe
              (7 damage)
             ... on level 2 of the Dungeon.
             The game lasted 00:01:41 (1124 turns).

galech the Covered (Gnoll Wanderer)                 Turns: 1124, Time: 00:01:42

Health: -1/35      AC: 10    Str: 14    XL:     3   Next: 89%
Magic:  5/5        EV:  9    Int: 12    God:
Gold:   84         SH:  0    Dex: 17    Spells: 4/4 levels left

rFire    . . .     SeeInvis .   b - +0 hand axe
rCold    . . .     Gourm    .   (no shield)
rNeg     . . .     Faith    .   a - +3 scale mail
rPois    .         Spirit   .   (no helmet)
rElec    .         Reflect  .   (no cloak)
rCorr    .         Harm     .   (no gloves)
MR       .....                  (no boots)
Stlth    +.........             i - amulet of inaccuracy (curse)
HPRegen  0.11/turn              (no ring)
MPRegen  0.09/turn              (no ring)

@: no status effects
A: distributed training, fangs 1, strong nose
a: no special abilities


You were on level 2 of the Dungeon.
You were not hungry.

You visited 1 branch of the dungeon, and saw 2 of its levels.

You collected 84 gold pieces.

Inventory:

Hand Weapons
 b - a +0 hand axe (weapon)
Armour
 a - a +3 scale mail (worn)
Jewellery
 i - a cursed amulet of inaccuracy (around neck)
Wands
 c - a wand of random effects (15)
Scrolls
 e - 2 scrolls of noise
 f - a scroll of identify
 g - a scroll of enchant armour
 h - a scroll of remove curse {unknown}
 j - a scroll of amnesia {unknown}
Potions
 k - a potion of agility {unknown}
 l - a potion of lignification {unknown}
 n - a potion of resistance {unknown}
Comestibles
 d - 3 rations
 m - a chunk of flesh


   Skills:
 + Level 6.5 Fighting
 + Level 1.0 Short Blades
 + Level 1.0 Long Blades
 + Level 2.6 Axes
 + Level 2.6 Maces & Flails
 + Level 1.0 Polearms
 + Level 1.0 Staves
 + Level 1.0 Slings
 + Level 1.0 Bows
 + Level 1.0 Crossbows
 + Level 1.0 Throwing
 + Level 6.5 Armour
 + Level 1.0 Dodging
 + Level 2.4 Stealth
 + Level 1.0 Shields
 + Level 1.0 Unarmed Combat
 + Level 1.0 Spellcasting
 + Level 0.7 Conjurations
 + Level 0.7 Hexes
 + Level 0.7 Charms
 + Level 0.7 Summonings
 + Level 0.7 Necromancy
 + Level 0.7 Translocations
 + Level 0.7 Transmutations
 + Level 0.7 Fire Magic
 + Level 0.7 Ice Magic
 + Level 0.7 Air Magic
 + Level 0.7 Earth Magic
 + Level 0.7 Poison Magic
 + Level 1.0 Invocations
 + Level 2.6 Evocations


You had 4 spell levels left.
You didn't know any spells.
Your spell library was empty.

Dungeon Overview and Level Annotations

Branches:
Dungeon (2/15)

Altars:

Annotations:
D:2 Sigmund


Innate Abilities, Weirdness & Mutations

Your experience applies equally to all skills.
You have very sharp teeth.
Your uncanny sense of smell can sniff out nearby items.


Message History

You closely miss the frilled lizard. The frilled lizard closely misses you.
A hobgoblin comes into view. It is wielding a club.
You closely miss the frilled lizard.
You feel less confused. Something hits you!
The frilled lizard completely misses you.
You miss the frilled lizard.
The frilled lizard bites you but does no damage.
Something hits you.
You closely miss the frilled lizard. The frilled lizard bites you.
Something hits you!
* * * LOW HITPOINT WARNING * * *
The frilled lizard bites you but does no damage.
You hit the frilled lizard.
You kill the frilled lizard!
You hear some strange, mumbled words.
A puff of flame appears from out of thin air!
The puff of flame misses you. Something hits you!
You die...

#..#...........#............
..###.......##.#............
...........###.#............
......####.# #.......l......
##########.# ##......{..?...
#.##.# #..#######.... #.##.#
#.g# ### #....# ##{# #.####
#@# #.### #.# #...# #.#
###.######.# #...#......#
#.###.###### #.# #.# #.###.#
#.....#


You could see a hobgoblin.

Vanquished Creatures
  2 adders (D:2)
  An ooze (D:2)
  A worm (D:2)
  3 giant cockroaches (D:1)
  4 goblins
  3 hobgoblins (D:1)
  4 jackals (D:1)
  2 kobolds
  2 bats
  4 frilled lizards
  A rat (D:2)
27 creatures vanquished.

Notes
Turn   | Place    | Note
-------+----------+-------------------------------------------
     0 | D:1      | galech the Gnoll Wanderer began the quest for the Orb.
     0 | D:1      | galech set off with: a +2 scale mail, a +0 hand axe, a wand of random effects (15), a ration
     0 | D:1      | Reached XP level 1. HP: 23/23 MP: 2/2
    43 | D:1      | Reached XP level 2. HP: 29/29 MP: 3/3
   712 | D:2      | Reached XP level 3. HP: 32/35 MP: 4/4
   736 | D:2      | Reached skill level 1 in Invocations
  1079 | D:2      | Reached skill level 1 in Short Blades
  1079 | D:2      | Reached skill level 1 in Long Blades
  1079 | D:2      | Reached skill level 1 in Polearms
  1079 | D:2      | Reached skill level 1 in Staves
  1079 | D:2      | Reached skill level 1 in Slings
  1079 | D:2      | Reached skill level 1 in Bows
  1079 | D:2      | Reached skill level 1 in Crossbows
  1079 | D:2      | Reached skill level 1 in Throwing
  1079 | D:2      | Reached skill level 1 in Dodging
  1079 | D:2      | Reached skill level 1 in Shields
  1079 | D:2      | Reached skill level 1 in Unarmed Combat
  1079 | D:2      | Reached skill level 1 in Spellcasting
  1103 | D:2      | Noticed Sigmund
  1124 | D:2      | Slain by Sigmund

Vault maps used:
D:1:      elethiomel_arrival_infinity_welcomes_careful_drivers
D:2:      marbit_many_paths, first_ration, serial_park_tiny_pond, uniq_sigmund

Skill      XL: |  1  2  3 |
---------------+----------+-----
Invocations    | 1 |  1.0
Short Blades   | 1 |  1.0
Long Blades    | 1 |  1.0
Polearms       | 1 |  1.0
Staves         | 1 |  1.0
Slings         | 1 |  1.0
Bows           | 1 |  1.0
Crossbows      | 1 |  1.0
Throwing       | 1 |  1.0
Dodging        | 1 |  1.0
Shields        | 1 |  1.0
Unarmed Combat | 1 |  1.0
Spellcasting   | 1 |  1.0
Fighting       | |  6.5
Axes           | |  2.6
Maces & Flails | |  2.6
Armour         | |  6.5
Stealth        | |  2.4
Conjurations   | |  0.7
Hexes          | |  0.7
Charms         | |  0.7
Summonings     | |  0.7
Necromancy     | |  0.7
Translocations | |  0.7
Transmutations | |  0.7
Fire Magic     | |  0.7
Ice Magic      | |  0.7
Air Magic      | |  0.7
Earth Magic    | |  0.7
Poison Magic   | |  0.7
Evocations     | |  2.6

Action                   || total
-------------------------++-------
Melee: Hand axe          ||   117
       Bite              ||    16
       Punch             ||     2
  Use: Scroll            ||     3
  Eat: Chunk             ||     1
Armor: Scale mail        ||    80
Dodge: Dodged            ||    85

Table legend:
 A = Spawn XP
 B = Non-spawn XP
 C = Spawn XP percentage of total XP
 D = Spawn monster count
 E = Non-spawn monster count
 F = Spawn count percentage of total count
 G = Total turns spent on level
                    A         B        C        D         E        F      G
               +---------+---------+-------+---------+---------+-------+---------
         Total |       0 |      77 |   0.0 |       0 |      27 |   0.0 |  1124
               +---------+---------+-------+---------+---------+-------+---------
           D:1 |       0 |      30 |   0.0 |       0 |      17 |   0.0 |   707
           D:2 |       0 |      47 |   0.0 |       0 |      10 |   0.0 |   417
               +---------+---------+-------+---------+---------+-------+---------
